 Dungeon Crawl Stone Soup version 0.31-a0-174-g85c54bcb58 (webtiles) character file.

Game seed: 17465533693625008733

247 Anon1729 the Trooper (level 5, -6/47 HPs)
             Began as a Minotaur Monk on June 15, 2023.
             Mangled by a killer bee (8 damage)
             ... on level 4 of the Dungeon.
             The game lasted 00:01:34 (2536 turns).

Anon1729 the Trooper (Minotaur Monk)                Turns: 2536, Time: 00:01:35

Health: -6/47      AC: 10    Str: 16    XL:     5   Next: 85%
Magic:  5/5        EV:  8    Int:  7    God:
Gold:   147        SH:  0    Dex: 14    Spells: 4/4 levels left

rFire   . . .        a - +0 short sword
rCold   . . .        d - orb {light}
rNeg    . . .        g - +0 chain mail
rPois   .            (helmet restricted)
rElec   .            (no cloak)
rCorr   .            (no gloves)
SInv    .            k - +0 pair of boots
Will    .....        (no amulet) Stlth
                     (no ring)
HPRegen 0.27/turn    (no ring)
MPRegen 0.09/turn

%: no passive effects
@: lethally poisoned (-6 -> -15), glowing
A: horns 2, retaliatory headbutt
a: no special abilities


You were on level 4 of the Dungeon.
You visited 1 branch of the dungeon, and saw 4 of its levels.

You collected 147 gold pieces.

Inventory:

Hand Weapons
 a - a +0 short sword (weapon)
Armour
 b - a +0 robe
 d - an orb of light (worn)
 g - a +0 chain mail (worn)
 k - a +0 pair of boots (worn)
Wands
 e - a wand of polymorph (7)
Scrolls
 f - 4 scrolls of identify {unknown}
 h - a scroll of enchant weapon {unknown}
 i - a scroll of teleportation {unknown}
 j - a scroll of poison {unknown}
 n - a scroll of fear {unknown}
Potions
 c - a potion of ambrosia
 l - a potion of attraction {unknown}
 m - a potion of enlightenment {unknown}


   Skills:
 + Level 4.9 Fighting
 + Level 4.3 Short Blades
 + Level 2.9 Armour
 + Level 4.3 Dodging
 + Level 2.2 Invocations


You had 4 spell levels left.
You didn't know any spells.
Your spell library contained the following spells:

 Spells                   Type           Power      Damage    Failure   Level
 Necrotise                Necr           0%         1d4       99%         1
 Sublimation of Blood     Necr           0%         N/A       100%        2
 Wereblood                Tmut           0%         N/A       100%        2
 Vampiric Draining        Necr           0%         2d6       100%        3
 Agony                    Necr           0%         N/A       100%        5
 Conjure Ball Lightning   Conj/Air       0%         3x3d6     100%        6
 Summon Hydra             Summ           0%         N/A       100%        7
 Discord                  Hex            0%         N/A       100%        8
 Disjunction              Tloc           0%         N/A       100%        8


Dungeon Overview and Level Annotations

Branches:
Dungeon (4/15)
 Temple: D:4-7

Altars:
Elyvilon
The Shining One


Innate Abilities, Weirdness & Mutations

You have a pair of horns on your head.
You reflexively headbutt those who attack you in melee.


Message History

You are too injured to fight recklessly!
You are too injured to fight recklessly!
You are too injured to fight recklessly!
You are too injured to fight recklessly!
You are too injured to fight recklessly!
You are too injured to fight recklessly!
You are too injured to fight recklessly!
You are too injured to fight recklessly!
You are too injured to fight recklessly!
You are too injured to fight recklessly!
You are too injured to fight recklessly!
You are too injured to fight recklessly!
The killer bee attacks as you move away!
The killer bee stings you but does no damage.
* * * LOW HITPOINT WARNING * * *
You feel very sick. The killer bee barely misses you.
The killer bee attacks as you move away!
The killer bee stings you but does no damage.
* * * LOW HITPOINT WARNING * * *
You feel very sick.
Things that are here:
a +0 dagger of protection; an orc corpse The killer bee attacks as you move away!
The killer bee stings you.
* * * LOW HITPOINT WARNING * * *
You are more poisoned.
The killer bee poisons you!
* * * LOW HITPOINT WARNING * * *
You feel very sick. The killer bee closely misses you.
The killer bee stings you but does no damage.
The killer bee attacks as you move away!
The killer bee stings you but does no damage.
* * * LOW HITPOINT WARNING * * *
You feel very sick. The killer bee barely misses you. You furiously retaliate!
You headbutt the killer bee, but do no damage.
The killer bee stings you!
You die...

#.##...##.#.....####
#.####..#......## ## ####
###.#####.....##.####.
....##.................##..
.........#######...###.##..
....[....# ##....##..#..
.......# #............
#....######..#.........
#..Jyy@......#...<.....
#.y.yy###...#...)...#..
#...#l..........#######
#....###.....#..#
###..........#..#
.....##....#..#
.#.###.....)...# #....
.#...... . ... # .


You could see an iguana, 5 killer bees and an endoplasm.

Vanquished Creatures
  2 orc wizards (D:3)
  Robin (D:3)
  6 gnolls (D:4)
  An adder (D:4)
  A white imp (D:3)
  2 worms (D:2)
  4 dart slugs
  4 orcs
  7 ball pythons
  8 endoplasms
  4 giant cockroaches
  15 goblins
  11 hobgoblins
  3 jackals (D:4)
  5 kobolds
  11 bats
  4 frilled lizards
  5 rats
94 creatures vanquished.

Notes
Turn   | Place    | Note
-------+----------+-------------------------------------------
     0 | D:1      | Anon1729 the Minotaur Monk began the quest for the Orb.
     0 | D:1      | Reached XP level 1. HP: 19/19 MP: 0/0
   111 | D:1      | Reached XP level 2. HP: 17/27 MP: 1/1
   291 | D:1      | Reached skill level 1 in Armour
   387 | D:1      | Reached skill level 1 in Invocations
   457 | D:1      | Reached XP level 3. HP: 29/33 MP: 2/2
  1029 | D:2      | Found a glowing golden altar of the Shining One.
  1376 | D:3      | Reached XP level 4. HP: 40/40 MP: 4/4
  1551 | D:3      | Noticed Robin
  1601 | D:3      | Reached XP level 5. HP: 33/47 MP: 5/5
  1613 | D:3      | Killed Robin
  1951 | D:3      | Found a faded altar of an unknown god.
  2136 | D:3      | Found a white marble altar of Elyvilon.
  2536 | D:4      | HP: 2/47 [poisoned by a killer bee]
  2536 | D:4      | Mangled by a killer bee

Illustrated notes

Levels and vault maps discovered:
D:1:      dpeg_arrival_triangle_fractal, layout_basic
D:2:      layout_rooms, basic_altar
D:3:      layout_basic, nicolae_overflow_ecumenical_swirl, uniq_robin
D:4:      layout_rooms, ebering_ghost_disaster_area

Skill      XL: |  1  2  3  4  5 |
---------------+----------------+-----
Armour         | 1 2 |  2.9
Fighting       | 4 |  4.9
Invocations    | 1 2 |  2.2
Short Blades   | 4 |  4.3
Dodging        | 4 |  4.3

Action                     |  1- 3 |  4- 6 || total
---------------------------+-------+-------++-------
  Melee: Short sword       |   119 |   124 ||   243
         Headbutt          |    26 |    33 ||    59
    Use: Potion            |       |     1 ||     1
 Armour: Robe              |    14 |       ||    14
         Chain mail        |    28 |    90 ||   118
  Dodge: Dodged            |    64 |    76 ||   140

Table legend: (Time is in decaauts)
 A = Elapsed time spent in this place.
 B = Non-inter-level travel time spent in this place.
 C = Inter-level travel time spent in this place.
 D = Time resting spent in this place.
 E = Time spent auto-exploring this place.
 F = Levels seen in this place.
 G = Mean time per level.
                   A        B        C        D        E       F      G
               +--------+--------+--------+--------+--------+-----+--------+
         Total |   2489 |   2336 |    153 |     68 |   1811 |   4 |  622.2 |
       Dungeon |   2489 |   2336 |    153 |     68 |   1811 |   4 |  622.2 |
               +--------+--------+--------+--------+--------+-----+--------+

Top non-repeatable levels by time:
     D:1: 852 daAuts
     D:3: 818 daAuts
     D:2: 479 daAuts
     D:4: 338 daAuts
